 Dungeon Crawl Stone Soup version 0.22.1-1-ga44c0e5 (webtiles) character file.

111 Fang the Skirmisher (level 4, 0/45 HPs)
             Began as a Gargoyle Berserker on Oct 5, 2018.
             Was a Believer of Trog.
             Slain by a gnoll
             ... wielding a +0 halberd
              (7 damage)
             ... on level 2 of the Dungeon.
             The game lasted 00:02:01 (1342 turns).

Fang the Skirmisher (Gargoyle Berserker)            Turns: 1342, Time: 00:02:02

Health: 0/45       AC:  5    Str: 27    XL:     4   Next: 92%
Magic:  4/4        EV: 12    Int:  7    God:    Trog [**....]
Gold:   93         SH:  0    Dex:  9    Spells: 3/3 levels left

rFire    . . .     SeeInvis .   a - +0 hand axe
rCold    + . .     Gourm    .   (no shield)
rNeg     + . .     Faith    .   b - +0 animal skin
rPois    ∞         Spirit   .   (no helmet)
rElec    +         Reflect  .   (no cloak)
rCorr    .         Harm     .   (no gloves)
MR       .....                  (no boots)
Stlth    ..........             d - amulet of regeneration
HPRegen  0.55/turn              m - ring of protection from cold
MPRegen  0.09/turn              n - ring of attention (curse)

@: berserking, very quick
A: negative energy resistance 1, electricity resistance, unbreathing,
petrification resistance, rot immunity, AC +3
a: Berserk, Trog's Hand, Renounce Religion


You were on level 2 of the Dungeon.
You worshipped Trog.
Trog was pleased with you.
You were near starving.

You visited 1 branch of the dungeon, and saw 2 of its levels.

You collected 93 gold pieces.

Inventory:

Hand Weapons
 a - a +0 hand axe (weapon)
Armour
 b - a +0 animal skin (worn)
Jewellery
 d - an amulet of regeneration (around neck)
 m - a ring of protection from cold (left hand)
 n - a cursed ring of attention (right hand)
Scrolls
 e - 4 scrolls of teleportation {unknown}
 f - a scroll of enchant weapon {unknown}
 h - a scroll of identify {unknown}
 i - a scroll of fog {unknown}
 j - a scroll of amnesia {unknown}
 l - 4 scrolls of remove curse {unknown}
Potions
 g - 2 potions of heal wounds {unknown}
 k - a potion of agility {unknown}
 o - a potion of cancellation {unknown}
Comestibles
 c - 4 rations


   Skills:
 + Level 4.4 Fighting
 + Level 3.8 Axes
 + Level 2.4 Armour
 + Level 2.0 Dodging
 + Level 0.3 Stealth


You had 3 spell levels left.
You didn't know any spells.
Your spell library was empty.

Dungeon Overview and Level Annotations

Branches:
Dungeon (2/15)

Altars:


Innate Abilities, Weirdness & Mutations

You are resistant to torment.
Your stone body is resilient. (AC +3)
You are immune to poison.
You resist negative energy. (rN+)
You are resistant to electric shocks. (rElec)
You can survive without breathing.
You are immune to petrification.
You are immune to rotting.


Message History

The gnoll barely misses you.
You slash the gnoll!
The gnoll is heavily wounded.
You barely miss the gnoll.
The gnoll is heavily wounded.
The gnoll barely misses you.
Unknown command.
You hit the gnoll.
The gnoll is severely wounded.
Unknown command.
You hit the gnoll but do no damage.
The gnoll is severely wounded.
The gnoll hits you with a halberd!
* * * LOW HITPOINT WARNING * * *
Unknown command.
Unknown command.
You barely miss the gnoll.
The gnoll is severely wounded.
The gnoll hits you with a halberd!
You die...

♣♣### #.# ♣.P # #..♣♣
P..♣ #.#P ♣♣ ♣♣♣.♣ #..
..♣.. ♣♣PP.. #####.#
P.♣...♣.♣..P
#.....##.♣♣♣..♣♣P.♣.
#####...††#.♣...♣..♣..♣P
......g@).......♣......♣
......###...♣..P.♣.♣..P.
..... #...♣ ..♣.♣....
.... #...♣♣♣..P.§§♣§♣
.P. #..♣..♣ P.♣♣PP.. '#
#.♣PP.♣ ♣§♣§..
#..♣♣)♣♣♣##♣♣..♣
##....P.♣.....PP
#.........##...


You could see a gnoll.

Vanquished Creatures
  Natasha (D:2)
  2 adders (D:2)
  2 gnolls (D:2)
  A dart slug (D:1)
  2 ball pythons (D:2)
  4 giant cockroaches
  6 goblins
  6 hobgoblins
  2 jackals (D:2)
  3 kobolds
  4 quokkas (D:2)
  5 bats
  2 frilled lizards (D:2)
  6 rats
  A plant (D:2)
47 creatures vanquished.

Notes
Turn   | Place    | Note
-------+----------+-------------------------------------------
     0 | D:1      | Fang the Gargoyle Berserker began the quest for the Orb.
     0 | D:1      | Reached XP level 1. HP: 14/14 MP: 1/1
   122 | D:1      | Reached XP level 2. HP: 11/19 MP: 2/2
   836 | D:2      | Reached skill level 4 in Fighting
   836 | D:2      | Reached XP level 3. HP: 19/24 MP: 3/3
   929 | D:2      | Reached XP level 4. HP: 12/29 MP: 4/4
  1002 | D:2      | Reached ** piety under Trog
  1150 | D:2      | Noticed Natasha
  1165 | D:2      | Killed Natasha
  1342 | D:2      | Slain by a gnoll

Skill      XL: |  1  2  3  4 |
---------------+-------------+-----
Axes           | 3 |  3.8
Fighting       | 4 |  4.4
Dodging        | 2 |  2.0
Armour         | |  2.4
Stealth        | |  0.3

Action                   |  1- 3 |  4- 6 || total
-------------------------+-------+-------++-------
Melee: Hand axe          |   137 |   107 ||   244
Invok: Berserk           |     1 |     2 ||     3
  Eat: Chunk             |       |     3 ||     3
Armor: Animal skin       |    42 |    26 ||    68
Dodge: Dodged            |    56 |    61 ||   117
